General information
- name: BNet
- type: Ladder team game (AT/RT)
- host: Battle.net
- saver: SERIOUSCRAFT
map: TwistedMeadows
- players: 4
- length: 39:00
- speed: Fast
- version: 1.24 W3XP
- replay type: Public
» download(142 KB)
Players
team 1 (loser)
A_SeXy_HoBo (
pink | 24 APM | 943 actions | 38:52)
3 Death Knight
2 Death Coil
1 Unholy Aura
1 Lich
1 Frost Nova
1 Crypt Lord
1 Impale
» actions
| Basic commands | 23 | |
| Build / train | 76 | |
| Enter build submenu | 33 | |
| Enter hero's abilities submenu | 5 | |
| Give item / drop item | 1 | |
| Right click | 375 | |
| Select / deselect | 380 | |
| Use ability | 49 | |
943 total
» units
| Acolyte | 14 | |
| Ghoul | 2 | |
| Crypt Fiend | 14 | |
| Obsidian Statue | 6 | |
| Necromancer | 9 | |
45 total
» upgrades
| Web | 1 | |
| Skeletal Mastery | 1 | |
| Skeletal Longevity | 1 | |
| Necromancer Training | 2 | |
| Destroyer Form | 1 | |
| Banshee Training | 1 | |
7 total
» buildings
| Altar of Darkness | 1 | |
| Ziggurat | 10 | |
| Crypt | 2 | |
| Graveyard | 2 | |
| Halls of the Dead | 3 | |
| Nerubian Tower | 4 | |
| Slaughterhouse | 1 | |
| Spirit Tower | 4 | |
| Tomb of Relics | 1 | |
| Necropolis | 3 | |
| Black Citadel | 3 | |
| Sacrificial Pit | 1 | |
| Temple of the Damned | 2 | |
37 total
» build order
00:16 Altar of Darkness
00:18 Ziggurat
00:52 Crypt
01:30 Graveyard
01:52 Ziggurat
03:27 Halls of the Dead
03:49 Ziggurat
04:58 Nerubian Tower
05:04 Ziggurat
05:52 Slaughterhouse
05:56 Nerubian Tower
06:07 Spirit Tower
08:21 Tomb of Relics
08:36 Necropolis
08:53 Spirit Tower
10:15 Black Citadel
12:10 Ziggurat
12:13 Ziggurat
14:32 Spirit Tower
14:34 Nerubian Tower
14:58 Sacrificial Pit
15:03 Temple of the Damned
15:29 Ziggurat
15:33 Ziggurat
16:34 Spirit Tower
16:36 Nerubian Tower
18:01 Crypt
18:07 Temple of the Damned
18:15 Graveyard
27:18 Necropolis
28:19 Halls of the Dead
30:05 Halls of the Dead
32:45 Black Citadel
34:15 Black Citadel
34:46 Ziggurat
35:09 Ziggurat
36:18 Necropolis
» items
Ragnarokio (
orange | 47 APM | 1811 actions | 38:56)
5 Lich
3 Frost Nova
2 Dark Ritual
» actions
| Assign group hotkey | 17 | |
| Basic commands | 42 | |
| Build / train | 71 | |
| Enter build submenu | 30 | |
| Enter hero's abilities submenu | 6 | |
| Right click | 796 | |
| Select / deselect | 695 | |
| Select group hotkey | 68 | |
| Use ability | 85 | |
1811 total
» units
| Acolyte | 8 | |
| Ghoul | 33 | |
| Goblin Zeppelin | 5 | |
| Frost Wyrm | 12 | |
58 total
» upgrades
» buildings
| Crypt | 2 | |
| Ziggurat | 12 | |
| Altar of Darkness | 1 | |
| Graveyard | 2 | |
| Halls of the Dead | 1 | |
| Nerubian Tower | 3 | |
| Black Citadel | 1 | |
| Sacrificial Pit | 1 | |
| Spirit Tower | 1 | |
| Boneyard | 3 | |
27 total
» build order
00:13 Crypt
00:29 Ziggurat
01:06 Ziggurat
01:14 Crypt
02:22 Altar of Darkness
03:37 Ziggurat
03:50 Ziggurat
05:47 Graveyard
06:15 Ziggurat
06:20 Ziggurat
07:38 Ziggurat
09:21 Ziggurat
10:12 Halls of the Dead
10:56 Graveyard
11:11 Nerubian Tower
11:12 Nerubian Tower
11:14 Nerubian Tower
12:42 Black Citadel
12:45 Sacrificial Pit
14:24 Spirit Tower
15:57 Boneyard
15:59 Boneyard
16:00 Boneyard
16:03 Ziggurat
16:03 Ziggurat
16:08 Ziggurat
16:09 Ziggurat
team 2 (winner)
Adamb (
teal | 46 APM | 1806 actions | 38:57)
4 Archmage
2 Blizzard
2 Brilliance Aura
3 Blood Mage
2 Flame Strike
1 Siphon Mana
» actions
| Assign group hotkey | 5 | |
| Basic commands | 4 | |
| Build / train | 101 | |
| Enter build submenu | 32 | |
| Enter hero's abilities submenu | 7 | |
| Right click | 1001 | |
| Select / deselect | 511 | |
| Select group hotkey | 4 | |
| Use ability | 137 | |
1806 total
» units
| Peasant | 11 | |
| Goblin Zeppelin | 1 | |
| Mortar Team | 12 | |
| Sorceress | 4 | |
28 total
» upgrades
| Masonry | 2 | |
| Lumber Harvesting | 1 | |
| Sorceress Training | 2 | |
| Flare | 1 | |
6 total
» buildings
| Altar of Kings | 1 | |
| Farm | 8 | |
| Lumber Mill | 1 | |
| Scout Tower | 59 | |
| Guard Tower | 34 | |
| Arcane Vault | 2 | |
| Blacksmith | 1 | |
| Keep | 1 | |
| Arcane Sanctum | 1 | |
| Workshop | 1 | |
| Castle | 1 | |
| Town Hall | 2 | |
112 total
» build order
00:06 Altar of Kings
00:27 Farm
00:59 Lumber Mill
01:57 Scout Tower
01:57 Scout Tower
01:58 Scout Tower
01:59 Scout Tower
02:04 Scout Tower
02:05 Scout Tower
02:07 Scout Tower
02:33 Guard Tower
02:48 Guard Tower
02:56 Scout Tower
02:59 Guard Tower
03:05 Guard Tower
03:05 Guard Tower
03:21 Guard Tower
03:21 Guard Tower
03:26 Scout Tower
03:30 Guard Tower
03:37 Scout Tower
03:48 Guard Tower
03:57 Guard Tower
04:11 Guard Tower
04:15 Scout Tower
04:19 Scout Tower
04:26 Scout Tower
04:34 Scout Tower
04:49 Guard Tower
05:01 Guard Tower
05:20 Arcane Vault
05:24 Arcane Vault
05:49 Scout Tower
05:50 Scout Tower
05:50 Scout Tower
05:51 Scout Tower
05:58 Scout Tower
05:59 Scout Tower
05:59 Scout Tower
06:00 Scout Tower
06:26 Guard Tower
06:50 Guard Tower
06:53 Guard Tower
07:05 Guard Tower
07:35 Guard Tower
07:37 Guard Tower
08:08 Blacksmith
08:13 Guard Tower
08:25 Guard Tower
08:41 Guard Tower
09:26 Scout Tower
09:26 Scout Tower
09:40 Keep
10:36 Guard Tower
11:47 Farm
11:48 Farm
11:49 Farm
11:50 Farm
11:51 Farm
12:52 Arcane Sanctum
13:06 Workshop
15:49 Scout Tower
15:50 Scout Tower
15:51 Scout Tower
15:53 Scout Tower
15:53 Scout Tower
15:56 Scout Tower
15:57 Scout Tower
15:58 Scout Tower
17:52 Guard Tower
18:52 Guard Tower
19:54 Guard Tower
20:29 Castle
22:24 Farm
22:24 Farm
22:28 Guard Tower
25:25 Guard Tower
26:01 Town Hall
31:58 Scout Tower
31:59 Scout Tower
32:00 Scout Tower
32:01 Scout Tower
32:03 Scout Tower
32:05 Scout Tower
32:05 Scout Tower
32:06 Scout Tower
32:07 Scout Tower
32:24 Scout Tower
32:25 Scout Tower
32:25 Scout Tower
32:26 Scout Tower
32:26 Scout Tower
32:29 Scout Tower
32:29 Scout Tower
32:29 Scout Tower
32:30 Scout Tower
32:31 Scout Tower
33:04 Guard Tower
33:27 Guard Tower
34:03 Guard Tower
35:15 Guard Tower
36:51 Town Hall
36:54 Scout Tower
36:55 Scout Tower
36:56 Scout Tower
36:58 Scout Tower
36:59 Scout Tower
37:02 Scout Tower
37:03 Scout Tower
37:03 Scout Tower
» items
| Scroll of Regeneration | 4 | |
| Mechanical Critter | 2 | |
| Ivory Tower | 14 | |
| Scroll of Town Portal | 2 | |
22 total
SERIOUSCRAFT (
purple | 38 APM | 1499 actions | 39:00)
4 Blademaster
2 Wind Walk
2 Critical Strike
3 Shadow Hunter
2 Healing Wave
1 Hex
» actions
| Assign group hotkey | 10 | |
| Build / train | 63 | |
| Enter build submenu | 44 | |
| Enter hero's abilities submenu | 7 | |
| Give item / drop item | 5 | |
| Remove unit from queue | 1 | |
| Right click | 597 | |
| Select / deselect | 281 | |
| Select group hotkey | 329 | |
| Use ability | 160 | |
1499 total
» units
| Peon | 20 | |
| Goblin Shredder | 1 | |
| Troll Batrider | 19 | |
40 total
» upgrades
| Spiked Barricades | 2 | |
| Ranged Weapons | 3 | |
| Liquid Fire | 1 | |
| Reinforced Defenses | 1 | |
| Armor | 2 | |
9 total
» buildings
| Altar of Storms | 1 | |
| Orc Burrow | 10 | |
| War Mill | 1 | |
| Voodoo Lounge | 1 | |
| Watch Tower | 86 | |
| Great Hall | 2 | |
| Stronghold | 1 | |
| Beastiary | 3 | |
| Fortress | 1 | |
106 total
» build order
00:09 Altar of Storms
00:33 Orc Burrow
01:01 War Mill
01:35 Orc Burrow
01:36 Orc Burrow
01:53 Voodoo Lounge
02:18 Watch Tower
03:01 Watch Tower
03:08 Watch Tower
03:10 Watch Tower
03:11 Watch Tower
03:26 Watch Tower
03:42 Watch Tower
03:43 Watch Tower
03:44 Watch Tower
04:36 Watch Tower
06:24 Watch Tower
06:25 Watch Tower
06:37 Watch Tower
06:38 Watch Tower
06:39 Watch Tower
06:39 Watch Tower
06:45 Watch Tower
06:46 Watch Tower
06:47 Watch Tower
06:47 Watch Tower
06:49 Watch Tower
06:50 Watch Tower
06:52 Watch Tower
06:53 Watch Tower
07:04 Watch Tower
07:37 Great Hall
07:52 Watch Tower
07:55 Watch Tower
07:55 Watch Tower
07:57 Watch Tower
07:58 Watch Tower
07:59 Watch Tower
08:13 Stronghold
08:30 Watch Tower
08:31 Watch Tower
08:33 Watch Tower
08:33 Watch Tower
10:58 Beastiary
11:05 Beastiary
13:18 Watch Tower
13:18 Watch Tower
13:21 Watch Tower
13:22 Watch Tower
14:07 Watch Tower
14:09 Watch Tower
14:11 Watch Tower
14:12 Watch Tower
14:13 Watch Tower
14:13 Watch Tower
14:15 Watch Tower
14:15 Watch Tower
14:16 Watch Tower
14:19 Watch Tower
14:40 Watch Tower
14:42 Watch Tower
14:42 Watch Tower
14:43 Watch Tower
14:45 Watch Tower
14:45 Watch Tower
14:46 Watch Tower
15:05 Watch Tower
15:06 Watch Tower
15:07 Watch Tower
15:08 Watch Tower
15:09 Watch Tower
15:10 Watch Tower
15:11 Watch Tower
15:12 Watch Tower
15:13 Watch Tower
15:14 Watch Tower
15:15 Watch Tower
15:28 Watch Tower
15:29 Watch Tower
15:30 Watch Tower
16:02 Fortress
16:15 Orc Burrow
16:25 Orc Burrow
16:36 Orc Burrow
17:59 Watch Tower
18:01 Watch Tower
18:04 Watch Tower
18:57 Watch Tower
21:30 Beastiary
23:10 Orc Burrow
23:11 Orc Burrow
23:12 Orc Burrow
23:27 Orc Burrow
26:57 Watch Tower
26:58 Watch Tower
27:01 Watch Tower
27:02 Watch Tower
27:03 Watch Tower
27:04 Watch Tower
30:28 Watch Tower
30:30 Watch Tower
30:30 Watch Tower
30:31 Watch Tower
33:27 Great Hall
34:50 Watch Tower
34:53 Watch Tower
» items
| Healing Salve | 1 | |
| Orb of Lightning | 1 | |
2 total
Chat log
(00:04 / Allies) SERIOUSCRAFT: this fuckin map
(00:04 / Allies) Adamb: dual ud
(00:14 / Allies) SERIOUSCRAFT: towers out asap
(00:18 / Allies) Adamb: yeah
(00:19 / All) Ragnarokio: do you guys play serious?
(00:24 / All) SERIOUSCRAFT: gl hf
(00:30 / All) SERIOUSCRAFT: <---
(02:17 / Allies) Adamb: theyre scouting
(03:54 / Allies) Adamb: i think they decided against rushing
(03:58 / Allies) SERIOUSCRAFT: ye
(04:50 / Allies) Adamb: fiends
(04:52 / Allies) Adamb: nothing new
(06:35 / Allies) Adamb: mind if i salve up?
(06:40 / Allies) SERIOUSCRAFT: go
(08:45 / Allies) SERIOUSCRAFT: help me out
(08:49 / Allies) Adamb: coming
(09:23 / Allies) SERIOUSCRAFT: better start teching
(09:29 / Allies) Adamb: yeah
(09:35 / Allies) Adamb: im saving wood now
(09:42 / Allies) Adamb: on it
(10:10 / Allies) SERIOUSCRAFT: oh no
(10:15 / Allies) SERIOUSCRAFT: never tp a level 1 hero
(10:23 / Allies) Adamb: really?
(10:30 / Allies) SERIOUSCRAFT: revive costs less than a tp scroll
(10:31 / Allies) Adamb: I always thought that was a good idea
(11:26 / All) Ragnarokio: GET OUT OF HERE FROG
(11:41 / Allies) Adamb: he was spotted
(11:47 / Allies) SERIOUSCRAFT: lol
(11:58 / Allies) Adamb: k
(13:37 / Allies) SERIOUSCRAFT: use a zep
(13:47 / Allies) Adamb: k
(13:56 / Allies) SERIOUSCRAFT: use a zep to get to your gold mine
(14:05 / Allies) Adamb: its going to be hard to clear
(14:20 / Allies) SERIOUSCRAFT: ill help
(14:26 / Allies) Adamb: alright
(15:39 / Allies) SERIOUSCRAFT: never stop building towers
(15:44 / Allies) SERIOUSCRAFT: build in the back of your base
(16:28 / Allies) Adamb: im going to place towers before we fight
(16:40 / Allies) SERIOUSCRAFT: k
(16:48 / Allies) Adamb: they dont leash well
(17:25 / Allies) SERIOUSCRAFT: pick my heros up they will help
(17:32 / Allies) Adamb: k
(19:05 / Allies) SERIOUSCRAFT: go
(19:06 / Allies) Adamb: ok
(20:13 / Allies) SERIOUSCRAFT: oh dear
(20:20 / Allies) SERIOUSCRAFT: keep agrroing it
(20:49 / Allies) SERIOUSCRAFT: lol
(21:01 / Allies) SERIOUSCRAFT: i need an orb
(21:04 / Allies) Adamb: that thing hits so hard
(21:08 / All) SERIOUSCRAFT: lol
(21:11 / All) Ragnarokio: :D
(21:13 / All) Ragnarokio: colours!
(21:15 / Allies) Adamb: want to move away from here?
(21:54 / Allies) SERIOUSCRAFT: wheres your zep
(22:05 / Allies) Adamb: right there
(22:24 / Allies) SERIOUSCRAFT: sorry where
(22:33 / Allies) Adamb: next to your hereo
(22:35 / Allies) Adamb: *hero
(23:33 / Allies) Adamb: i need the zep back for my heroes when youre done
(23:37 / Allies) SERIOUSCRAFT: ready for invis mortar
(23:46 / All) Ragnarokio: nice defence.
(23:48 / Allies) Adamb: yeah
(23:51 / All) SERIOUSCRAFT: thx!!
(23:53 / Allies) Adamb: i need zep first though
(23:57 / All) Adamb: Im gay for towers
(24:14 / Allies) SERIOUSCRAFT: lets finish this
(24:21 / Allies) Adamb: k
(24:29 / Allies) SERIOUSCRAFT: i have orb now
(25:16 / Allies) SERIOUSCRAFT: want those
(25:20 / Allies) Adamb: nah
(25:22 / Allies) Adamb: you can have
(25:32 / Allies) SERIOUSCRAFT: pick me up
(25:32 / Allies) Adamb: need a peasant real fast
(25:35 / Allies) SERIOUSCRAFT: k
(26:25 / Allies) Adamb: ok
(26:28 / Allies) Adamb: i have a lot of morts
(26:36 / Allies) SERIOUSCRAFT: get pink
(26:39 / Allies) Adamb: k
(26:41 / Allies) SERIOUSCRAFT: ill do oj
(27:19 / Allies) SERIOUSCRAFT: im using zep
(27:22 / Allies) Adamb: k
(27:26 / All) Ragnarokio: me no like batriders
(27:29 / Allies) SERIOUSCRAFT: can your heros help
(27:40 / Allies) Adamb: sec
(28:18 / Allies) Adamb: got his main
(28:27 / All) Ragnarokio: gg
(28:31 / All) A_SeXy_HoBo: not gg
(28:44 / Allies) SERIOUSCRAFT: i killed most of his wyrms and his main
(28:48 / Allies) Adamb: haha
(28:48 / Allies) Adamb: nice
(28:56 / Allies) Adamb: it might be time for invis morts round 2
(29:02 / Allies) Adamb: or maybe
(29:04 / Allies) Adamb: also
(29:08 / Allies) Adamb: your heros are in my zep
(29:17 / Allies) SERIOUSCRAFT: can i pick up urs for cleareing my red
(29:21 / Allies) Adamb: yeah
(29:22 / Allies) Adamb: go aheadf
(29:24 / Allies) Adamb: *ahead
(29:28 / All) Ragnarokio: that was a really good strategy
(29:32 / All) SERIOUSCRAFT: thx!!
(29:43 / All) Adamb: Were enthusiastically gay for towers
(29:48 / All) Adamb: Now leave
(29:52 / All) A_SeXy_HoBo: no fuck you
(29:54 / All) Ragnarokio: i was talking about the sneak rape attack >.>
(29:56 / All) SERIOUSCRAFT: hey manners!!!
(29:58 / All) A_SeXy_HoBo: were gonna win
(30:12 / All) Adamb: My homosexuality for towers overcomes all
(30:36 / Allies) Adamb: ready?
(31:13 / Allies) Adamb: he devoured my sorc
(31:20 / Allies) SERIOUSCRAFT: lol
(31:49 / Allies) Adamb: give pot to healer
(32:55 / Allies) Adamb: its bat time i suppose
(33:34 / Allies) Adamb: ill just have to tower that area up better i suppose
(33:38 / Allies) SERIOUSCRAFT: yes
(33:49 / Allies) Adamb: lets zep heroes out
(34:08 / Allies) SERIOUSCRAFT: just in time
(34:14 / All) Ragnarokio: troll batriders are mean.
(34:36 / Allies) Adamb: they might have their exps
(34:51 / Allies) Adamb: nope
(34:58 / Allies) Adamb: just boneyars
(35:02 / Allies) Adamb: we should take theirs secretly
(35:30 / Allies) Adamb: brb
(35:32 / Allies) Adamb: need to bring peasants
(35:37 / Allies) Adamb: to rebuild
(37:54 / Allies) SERIOUSCRAFT: this is gone
(37:57 / Allies) Adamb: yeah
(38:38 / Allies) SERIOUSCRAFT: lol
(38:39 / Allies) Adamb: finish the citadel
(38:45 / Allies) Adamb: haha
(38:47 / Allies) Adamb: thats ridiculous